Map: Triton LE

Players

ShoWTimE - Winner!

  • Race: Protoss Protoss
  • Spawn Location: 11:00

RiSky

  • Race: Zerg Zerg
  • Spawn Location: 5:00

VOD

Have the link to the VOD?

Description

Time

  • Played on: Sept. 6, 2019, 7:30 p.m.
  • Length: 27:41
Show
View Real Time Build Order
Export as new Build Order

ShoWTimE Protoss - Winner!

Build Orders: 1 Gate Expand, Oracle Opening, Phoenix Opening, Archon Immortal, Carriers 

Get SALT Encoding   

  12  0:00  Probe  
  13  0:12  Probe  
  14  0:18  Pylon  
  14  0:24  Probe  
  15  0:32  Probe  
  15  0:38  Gateway  
  15  0:40  Probe  
  16  0:46  Assimilator  
  17  0:51  Probe  
  18  1:03  Probe  
  19  1:15  Probe  
  20  1:24  Nexus  
  20  1:27  Probe  
  21  1:37  Cybernetics Core  
  21  1:41  Probe  
  21  1:45  Assimilator  
  22  1:51  Pylon  
  22  1:55  Probe  
  23  2:03  Adept  
  23  2:09  Probe  
  26  2:15  Stargate  
  26  2:21  Probe  
  27  2:24  Warp Gate  
  27  2:30  Probe  
  27  2:32  Probe  
  27  2:33  Adept  
  31  2:39  Probe  
  31  2:40  Probe  
  32  2:48  Probe  
  32  2:50  Probe  
  34  2:55  Phoenix  
  35  3:00  Probe  
  35  3:02  Probe  
  39  3:07  Pylon  
  39  3:11  Oracle  
  39  3:12  Probe  
  40  3:15  Probe  
  41  3:24  Probe  
  41  3:27  Probe  
  46  3:28  Gateway  
  46  3:32  Assimilator  
  46  3:35  Assimilator  
  46  3:36  Probe  
  46  3:39  Probe  
  46  3:40  Pylon  
  48  3:41  Oracle  
  52  3:48  Probe  
  52  3:51  Probe  
  53  4:00  Pylon, Probe  
  54  4:03  Probe  
  54  4:08  Oracle, Robotics Facility  
  55  4:12  Probe  
  55  4:15  Probe  
  60  4:25  Pylon  
  60  4:26  Gateway  
  60  4:28  Gateway  
  60  4:36  Adept  
  60  4:38  Adept  
  64  4:48  Immortal  
  64  4:52  Pylon  
  64  4:57  Nexus  
  64  4:59  Probe  
  70  5:00  Probe  
  70  5:04  Sentry x2  
  74  5:07  Pylon  
  74  5:11  Probe  
  74  5:12  Probe  
  76  5:16  Shield Battery  
  76  5:21  Observer  
  76  5:24  Probe x2  
  76  5:31  Forge, Twilight Council  
  76  5:35  Sentry x2  
  80  5:36  Probe x2  
  80  5:40  Pylon  
  82  5:46  Immortal, Probe  
  82  5:48  Probe  
  88  5:54  Probe, Protoss Ground Weapons Level 1  
  88  6:00  Probe, Charge  
  88  6:02  Probe  
  90  6:10  Probe  
  92  6:12  Probe  
  92  6:14  Templar Archives, Probe  
  92  6:16  Immortal  
  94  6:22  Probe, Assimilator  
  94  6:24  Probe, Assimilator  
  96  6:29  Probe  
  96  6:32  Pylon  
  101  6:35  Probe  
  101  6:36  Probe  
  103  6:42  Probe  
  103  6:46  Gateway, Pylon  
  105  6:47  Probe  
  105  6:49  Gateway  
  105  6:52  Gateway  
  105  6:55  Gateway  
  105  6:57  Warp Prism, Pylon  
  105  6:58  Psionic Storm  
  105  7:00  Pylon  
  107  7:09  High Templar x3  
  113  7:17  High Templar  
  115  7:25  Gateway  
  115  7:27  Gateway  
  115  7:30  Immortal  
  115  7:31  Pylon  
  115  7:32  Nexus  
  115  7:34  Pylon  
  115  7:35  Photon Cannon  
  115  7:37  Pylon  
  119  7:45  Photon Cannon  
  119  7:48  Probe x3  
  119  7:49  High Templar  
  119  7:50  High Templar  
  126  7:57  Photon Cannon, Zealot x2  
  130  8:00  Photon Cannon  
  130  8:05  Probe x2, Protoss Ground Weapons Level 2  
  132  8:06  Photon Cannon  
  132  8:14  Zealot x4  
  140  8:25  Immortal  
  140  8:26  Probe x2  
  142  8:27  Photon Cannon, Assimilator  
  142  8:28  Assimilator  
  142  8:29  Probe  
  147  8:42  High Templar  
  147  8:43  Shield Battery, High Templar, Zealot x2  
  147  8:47  Shield Battery  
  155  8:50  Archon  
  155  8:56  Zealot x4  
  163  9:05  Probe x2  
  163  9:07  Pylon  
  163  9:09  Fleet Beacon  
  153  9:12  Stargate  
  153  9:13  Stargate  
  149  9:17  High Templar x3  
  149  9:19  Zealot x3, High Templar  
  149  9:23  Archon x2  
  163  9:28  Archon  
  143  9:37  Zealot  
  129  9:39  Zealot x2  
  129  9:40  Zealot x3  
  133  9:51  High Templar x4  
  106  10:00  Zealot  
  106  10:01  Zealot x5  
  118  10:11  Tempest x3  
  118  10:12  Probe  
  131  10:21  Zealot  
  131  10:28  High Templar x2  
  134  10:34  Archon  
  136  10:41  Gateway  
  136  10:43  Stalker x5  
  136  10:44  Gateway  
  136  10:47  Zealot x3  
  152  10:50  Photon Cannon, Probe x2  
  152  10:52  Photon Cannon  
  154  10:57  Tempest x2  
  154  11:01  Warp Prism  
  154  11:03  Zealot x2  
  168  11:06  Mothership  
  170  11:24  Protoss Air Weapons Level 1  
  170  11:26  Pylon  
  170  11:31  Zealot x5  
  169  11:44  Pylon  
  169  11:46  Observer, High Templar  
  172  11:47  Zealot x3, High Templar  
  180  11:58  Nexus  
  180  12:00  Pylon  
  180  12:01  Stalker x2  
  180  12:02  Stalker  
  180  12:05  Zealot  
  180  12:07  Probe  
  182  12:09  Probe, Zealot  
  182  12:14  Probe  
  182  12:15  Blink  
  180  12:19  High Templar x4  
  180  12:21  Probe x2  
  190  12:26  Probe  
  190  12:27  Archon x2  
  188  12:30  Oracle  
  188  12:32  Zealot x2  
  188  12:33  Probe  
  188  12:35  Zealot  
  181  12:44  Tempest  
  183  12:57  Pylon  
  183  12:59  Pylon  
  183  13:15  Tempest, Nexus  
  183  13:17  Pylon  
  183  13:18  High Templar x2  
  183  13:19  Zealot x4  
  182  13:20  Zealot x4  
  182  13:24  Archon  
  188  13:35  Zealot x2  
  188  13:41  Carrier  
  198  13:51  Protoss Ground Weapons Level 3  
  198  13:53  High Templar  
  196  14:07  Protoss Air Weapons Level 2  
  196  14:11  Tempest  
  196  14:20  Photon Cannon  
  196  14:22  Photon Cannon  
  196  14:25  Photon Cannon, Tempest  
  196  14:26  Photon Cannon  
  196  14:27  Shield Battery, Stalker x4  
  196  14:29  Shield Battery  
  188  14:31  Pylon  
  192  14:40  Photon Cannon  
  192  14:42  High Templar x4  
  200  14:52  Archon x2  
  200  15:13  Assimilator  
  200  15:14  Assimilator  
  200  15:20  Zealot x5  
  200  16:10  Carrier  
  192  16:29  Photon Cannon  
  192  16:30  Nexus  
  192  16:31  Photon Cannon, Protoss Air Weapons Level 3  
  186  16:33  Photon Cannon, Pylon  
  186  16:35  Pylon  
  186  16:37  Zealot x10  
  186  16:39  Pylon  
  196  16:46  Stalker x2  
  198  16:48  Protoss Shields Level 1  
  198  16:49  Dark Shrine  
  198  16:50  Warp Prism  
  200  17:01  Carrier  
  187  17:02  High Templar x6  
  194  17:09  Archon x2  
  194  17:10  Zealot x3  
  194  17:13  Zealot x3  
  200  17:28  Photon Cannon  
  199  17:51  Robotics Bay  
  199  17:54  Zealot, Robotics Facility  
  191  17:58  Pylon  
  191  18:13  Dark Templar x4  
  196  18:37  Carrier  
  196  18:38  Zealot x5  
  196  18:46  Carrier x2  
  200  18:54  Warp Prism  
  200  18:55  Disruptor  
  188  19:00  Probe  
  188  19:01  Protoss Shields Level 2  
  196  19:02  Probe  
  189  19:15  Dark Templar  
  191  19:18  Protoss Air Armor Level 1  
  191  19:20  Pylon  
  181  19:38  Disruptor x2  
  181  19:41  Carrier  
  187  19:50  Carrier  
  187  19:51  Nexus  
  187  19:52  Pylon  
  199  19:57  Gravitic Boosters  
  199  19:58  Pylon  
  199  20:15  Observer  
  190  20:21  Zealot x2  
  192  20:35  Probe x3  
  194  20:36  Photon Cannon, Probe x2  
  194  20:39  Photon Cannon, Nexus  
  194  20:41  Assimilator  
  197  20:43  Dark Templar x3  
  197  20:44  Gravitic Drive  
  197  20:46  Assimilator  
  196  21:03  Photon Cannon  
  192  21:08  Photon Cannon  
  192  21:09  Zealot x2  
  192  21:11  Shield Battery  
  196  21:12  High Templar  
  196  21:14  Shield Battery  
  197  21:24  Assimilator  
  195  21:29  Zealot, High Templar x2, Assimilator  
  195  21:30  Zealot  
  195  21:31  Probe  
  194  21:50  Zealot x2  
  194  21:51  Zealot  
  200  21:55  Pylon  
  200  22:00  Disruptor  
  200  22:50  Oracle  
  200  23:08  Protoss Shields Level 3  
  200  23:12  Archon  
  198  23:13  Carrier  
  198  23:16  Oracle  
  199  23:27  Protoss Air Armor Level 2  
  191  23:42  Observer  
  191  23:46  Observer  
  193  23:54  Zealot x3  
  199  24:06  Mothership  
  199  24:15  Carrier x2  
  191  24:22  Carrier  
  185  24:51  Zealot x7  
  199  25:01  Disruptor  
  199  25:18  Observer  
  192  25:39  Carrier  
  188  25:48  Carrier  
  200  26:24  Stalker x4  
  200  26:30  Pylon  
  200  27:00  Dark Templar x3  
  200  27:07  Archon  
  200  27:11  Zealot  
  151  27:37  Zealot x6  
  151  27:38  Zealot x3  
Show
View Real Time Build Order
Export as new Build Order

RiSky Zerg 

Build Orders: Hatch First, Brood Lord Corruptor 

Get SALT Encoding   

  12  0:00  Drone  
  13  0:12  Overlord  
  13  0:16  Drone  
  14  0:30  Drone x2  
  16  0:47  Hatchery  
  15  0:50  Drone  
  15  0:53  Drone  
  18  0:57  Drone  
  18  1:07  Extractor  
  17  1:13  Spawning Pool  
  17  1:15  Drone  
  17  1:18  Drone  
  18  1:27  Drone  
  19  1:38  Drone  
  20  1:49  Overlord  
  20  1:59  Queen x2  
  20  2:00  Zergling x4  
  26  2:08  Metabolic Boost  
  26  2:12  Drone x2  
  28  2:20  Drone  
  28  2:21  Drone  
  30  2:34  Hatchery  
  30  2:36  Drone  
  30  2:41  Drone  
  31  2:44  Queen  
  31  2:49  Overlord  
  33  2:51  Drone  
  33  2:55  Drone  
  33  2:57  Drone  
  36  3:08  Drone  
  36  3:09  Drone x3  
  36  3:10  Drone x2  
  36  3:12  Drone  
  43  3:15  Overlord  
  43  3:18  Drone  
  44  3:20  Evolution Chamber  
  44  3:21  Drone  
  44  3:27  Spore Crawler  
  43  3:31  Overlord, Drone  
  44  3:39  Drone  
  44  3:40  Overlord, Drone  
  46  3:45  Queen  
  46  3:47  Queen  
  50  3:52  Spore Crawler  
  50  3:54  Zerg Melee Weapons Level 1  
  49  3:58  Drone x3  
  49  4:00  Drone  
  49  4:02  Drone  
  54  4:03  Drone  
  54  4:06  Drone x2  
  54  4:08  Zergling x2  
  58  4:12  Zergling x2  
  58  4:14  Drone x3  
  62  4:19  Drone  
  62  4:22  Drone x3  
  65  4:30  Spore Crawler, Overlord  
  64  4:31  Overlord  
  64  4:32  Drone  
  64  4:36  Roach Warren  
  64  4:38  Drone  
  65  4:40  Extractor x2  
  65  4:44  Drone x2  
  65  4:45  Drone  
  66  4:47  Overlord  
  66  4:48  Drone  
  66  4:56  Overlord, Drone x2  
  66  4:57  Lair  
  66  4:58  Drone x2  
  66  4:59  Drone  
  69  5:01  Zergling x4  
  71  5:09  Drone x3  
  74  5:15  Overlord  
  74  5:19  Extractor  
  74  5:21  Extractor, Roach x2  
  71  5:27  Drone x2  
  71  5:28  Roach x2  
  77  5:29  Drone x4  
  77  5:30  Drone x3  
  77  5:31  Drone, Hatchery  
  77  5:33  Extractor  
  83  5:37  Drone  
  84  5:44  Drone x2  
  84  5:49  Ravager x3  
  89  5:51  Zergling x2  
  89  5:53  Zergling x4  
  92  5:58  Zergling x6  
  92  5:59  Zergling x6  
  92  6:00  Ravager  
  99  6:05  Zergling x2  
  99  6:06  Zergling x8  
  99  6:09  Zerg Melee Weapons Level 2  
  99  6:11  Overlord  
  104  6:13  Drone  
  101  6:20  Zergling x2  
  101  6:21  Overlord  
  101  6:23  Drone x2  
  104  6:27  Infestation Pit  
  104  6:28  Drone x3  
  104  6:30  Overlord x2  
  106  6:33  Overlord  
  106  6:34  Drone x2  
  106  6:36  Zergling x2  
  106  6:37  Zergling x4  
  105  6:44  Zergling x4  
  105  6:48  Queen  
  105  6:51  Zergling x2  
  105  6:52  Zergling x4  
  105  6:53  Zergling x6  
  113  7:00  Drone x2  
  113  7:01  Drone x4  
  119  7:02  Baneling Nest, Drone  
  119  7:07  Drone  
  120  7:11  Drone x2  
  120  7:13  Spore Crawler  
  115  7:16  Drone x2  
  115  7:19  Drone  
  118  7:23  Drone x3, Extractor  
  118  7:24  Extractor, Drone x2  
  118  7:25  Drone  
  118  7:26  Drone  
  118  7:27  Drone x2  
  118  7:28  Hive  
  118  7:29  Drone  
  126  7:31  Spire  
  126  7:33  Overlord x2, Drone x2  
  126  7:35  Roach x2  
  131  7:38  Roach  
  131  7:41  Roach  
  135  7:45  Overlord  
  135  7:46  Centrifical Hooks  
  135  7:47  Zergling x4  
  137  7:52  Pneumatized Carapace  
  137  7:55  Zergling x16  
  145  7:59  Zergling x6  
  145  8:00  Zergling x6  
  145  8:01  Baneling x2  
  145  8:03  Zergling x4  
  153  8:07  Spore Crawler  
  153  8:08  Zergling x4  
  153  8:10  Hatchery  
  151  8:14  Zergling x4  
  152  8:20  Zergling x10  
  152  8:22  Zergling x2  
  152  8:23  Zergling x4  
  152  8:26  Zerg Missile Weapons Level 1  
  160  8:28  Ravager x4  
  164  8:35  Zergling x8  
  164  8:38  Overlord  
  164  8:57  Greater Spire  
  164  8:58  Adrenal Glands  
  164  8:59  Zergling x24  
  167  9:11  Zergling x18  
  167  9:13  Baneling x33  
  171  9:25  Zergling x2  
  171  9:26  Zergling x20  
  171  9:27  Zergling x4  
  171  9:31  Zergling x2  
  157  9:40  Zergling x8  
  157  9:41  Zergling x2  
  157  9:44  Zergling x2  
  153  9:52  Overseer  
  130  9:54  Zergling x2  
  130  9:55  Zergling x14  
  134  10:02  Corruptor x2  
  134  10:03  Corruptor  
  134  10:06  Overseer  
  140  10:08  Corruptor x2  
  144  10:15  Corruptor x5  
  144  10:20  Zerg Melee Weapons Level 3  
  153  10:22  Corruptor x3, Extractor  
  153  10:23  Extractor  
  153  10:28  Overlord x2  
  157  10:33  Baneling x8  
  157  10:34  Baneling  
  157  10:36  Overlord x2  
  157  10:39  Baneling x4  
  157  10:44  Zergling x2  
  157  10:45  Zergling x24  
  170  10:51  Brood Lord x5  
  170  10:52  Brood Lord  
  170  10:56  Brood Lord  
  181  11:00  Overseer  
  181  11:02  Zergling x16  
  189  11:09  Drone x8  
  197  11:15  Overlord  
  197  11:16  Corruptor  
  197  11:19  Baneling x7  
  197  11:30  Overlord  
  197  11:31  Overlord  
  196  11:36  Corruptor  
  195  11:42  Corruptor  
  197  11:50  Spine Crawler x4  
  197  11:52  Baneling x17, Spine Crawler x2  
  191  11:58  Zergling x16  
  190  12:08  Zergling x18  
  190  12:10  Corruptor  
  190  12:15  Corruptor  
  188  12:22  Corruptor x2  
  190  12:28  Baneling x5  
  190  12:29  Corruptor x2  
  192  12:38  Corruptor x2  
  186  12:45  Corruptor x4  
  186  12:50  Corruptor  
  189  12:57  Corruptor x3  
  192  13:09  Zergling x12  
  192  13:10  Zergling x4  
  198  13:18  Corruptor x3  
  193  13:27  Zergling x14  
  193  13:36  Baneling x20  
  185  13:51  Infestor x3  
  185  13:52  Infestor x2  
  195  13:58  Hatchery  
  195  14:00  Infestor x3  
  198  14:06  Infestor  
  198  14:20  Overseer x3  
  191  14:25  Zergling x2  
  191  14:26  Zergling x20  
  191  14:29  Zergling x2  
  191  14:30  Zergling x4  
  198  14:41  Infestor  
  200  14:50  Spore Crawler  
  200  14:51  Spore Crawler  
  200  14:52  Spore Crawler  
  196  14:53  Spore Crawler x2, Infestor x2  
  193  15:01  Zergling x2  
  193  15:02  Zergling x10  
  193  15:04  Zergling x2  
  200  15:10  Baneling x2  
  200  15:11  Baneling x2  
  200  15:13  Hatchery  
  200  15:14  Zerg Ground Armor Level 1  
  197  15:17  Evolution Chamber  
  197  15:20  Zergling x10  
  198  15:32  Pathogen Glands  
  196  15:39  Infestor x3  
  194  15:43  Zergling x2  
  194  15:44  Zergling x8  
  198  15:54  Zergling x12  
  195  16:07  Zergling x8  
  191  16:13  Corruptor x2  
  191  16:16  Zergling x12  
  191  16:17  Zergling x14  
  191  16:18  Baneling x12  
  198  16:24  Zergling x4  
  199  16:29  Neural Parasite  
  197  16:38  Infestor x4  
  197  16:39  Infestor  
  200  16:41  Spore Crawler x2  
  200  16:42  Spore Crawler  
  197  16:48  Infestor  
  197  16:50  Hatchery  
  187  17:07  Hatchery  
  186  17:14  Queen x2  
  190  17:16  Zerg Missile Weapons Level 2  
  190  17:21  Brood Lord x4  
  190  17:22  Overlord  
  195  17:42  Zergling x10  
  199  17:50  Burrow  
  199  18:07  Zergling x2  
  197  18:21  Brood Lord  
  197  18:39  Zergling x4  
  189  18:48  Overseer  
  182  19:02  Lair  
  182  19:08  Infestor, Hatchery  
  182  19:09  Infestor x4  
  189  19:11  Overlord x2  
  189  19:16  Baneling  
  189  19:17  Baneling x9, Spine Crawler  
  189  19:18  Queen  
  186  19:33  Drone x13  
  199  19:58  Hatchery  
  198  20:01  Spore Crawler x2  
  198  20:02  Spore Crawler  
  193  20:08  Spore Crawler  
  193  20:09  Spine Crawler  
  193  20:10  Spine Crawler  
  193  20:12  Spine Crawler  
  188  20:18  Zergling x6  
  188  20:19  Zergling x18  
  193  20:33  Corruptor x3  
  195  20:37  Zergling x6  
  195  20:49  Hatchery  
  180  20:58  Zergling x20  
  180  21:01  Zerg Ground Armor Level 2  
  185  21:31  Overlord x3  
  185  21:33  Hive  
  185  21:39  Infestor x2  
  185  21:40  Infestor x2  
  185  21:44  Hatchery  
  178  22:04  Extractor  
  178  22:07  Extractor  
  170  22:09  Infestor x11  
  190  22:16  Zergling x2  
  190  22:17  Zergling x2  
  192  22:25  Infestor x3  
  197  22:38  Infestor  
  180  23:35  Infestor x7  
  180  23:37  Hatchery  
  180  23:40  Infestor  
  180  23:41  Infestor x9  
  189  24:28  Infestor x3  
  190  24:43  Corruptor x2  
  190  24:44  Corruptor  
  188  24:55  Zergling x14  
  195  25:12  Queen  
  197  25:29  Zergling x4  
  190  25:53  Hatchery  
  189  25:57  Infestor x2  
  176  26:17  Zergling x28  
  184  26:34  Infestor  
  184  26:38  Zergling x6  
  184  26:39  Zergling x12  
  179  26:44  Infestor  
  181  26:47  Extractor  
  181  26:49  Zergling x12  
  182  27:02  Zergling x18  
  182  27:08  Zergling x4  
Tags
 
Add a new tag
Caveats
  • Supply blocks, unpowered buildings, or Contaminate may cause inaccurate times.
  • Supply counts are checked every 10 seconds.